Map: Одиссея РВ

Players

ИИ 1 (ветеран)

  • Race: Terran Terran
  • Spawn Location: 5:00

Doll - Winner!

  • Race: Zerg Zerg
  • Spawn Location: 11:00

VOD

Have the link to the VOD?

Description

Time

  • Played on: Sept. 12, 2022, 5:06 a.m.
  • Length: 15:19
Show
View Real Time Build Order
Export as new Build Order

ИИ 1 (ветеран) Terran 

Build Orders:  

Get SALT Encoding   

  12  0:00  SCV  
  13  0:13  SCV  
  14  0:19  Supply Depot  
  14  0:25  SCV  
  15  0:40  SCV  
  16  0:45  Barracks  
  16  0:49  Refinery  
  16  0:53  SCV  
  17  1:05  SCV  
  18  1:17  SCV  
  19  1:22  Supply Depot  
  19  1:29  SCV  
  19  1:32  Marine  
  21  1:41  Barracks  
  21  1:42  Orbital Command  
  21  1:50  Refinery  
  21  1:51  Barracks Tech Lab  
  21  2:07  Supply Depot  
  21  2:08  Marine  
  22  2:26  Marine  
  22  2:29  Marine  
  24  2:44  Marine  
  24  2:47  Marine, Supply Depot  
  26  3:02  Marauder  
  26  3:04  Marine  
  29  3:17  Supply Depot  
  29  3:18  SCV  
  30  3:22  Marine  
  30  3:24  Marine  
  32  3:30  SCV  
  32  3:32  Engineering Bay  
  33  3:40  Marine  
  34  3:42  SCV  
  34  3:43  Marine  
  36  3:54  SCV  
  37  3:58  Marine  
  37  4:01  Marauder  
  40  4:06  SCV  
  41  4:18  SCV  
  41  4:22  Marauder  
  44  4:44  Marauder  
  46  5:05  Marauder  
  48  6:08  Barracks Tech Lab  
  48  6:09  Stimpack, Terran Infantry Weapons Level 1, Reaper  
  49  6:12  Factory  
  49  6:14  Factory  
  49  6:15  Supply Depot  
  49  6:18  Missile Turret, Command Center  
  49  6:20  Missile Turret  
  49  6:24  Barracks  
  49  6:25  Combat Shield  
  49  6:27  Marauder  
  51  6:40  Bunker  
  51  6:41  Reaper  
  52  6:56  Marine  
  52  6:57  Factory Tech Lab  
  52  6:58  Factory Tech Lab  
  43  7:01  Starport  
  43  7:08  Starport  
  35  7:12  Marine  
  35  7:15  Marauder  
  34  7:21  Marine  
  35  7:30  Marine  
  35  7:31  SCV  
  35  7:32  SCV  
  35  7:36  Marine  
  39  7:38  Refinery  
  39  7:41  Missile Turret  
  39  7:42  Missile Turret  
  39  7:43  SCV  
  40  7:44  SCV  
  40  7:45  Refinery, Sensor Tower, Starport Tech Lab  
  40  7:46  Starport Tech Lab  
  40  7:49  Marauder  
  40  7:50  Marine  
  44  7:51  Concussive Shells  
  44  7:55  SCV  
  44  7:56  SCV  
  44  7:57  Marine  
  47  8:03  Raven, Terran Infantry Armor Level 1  
  47  8:04  Raven  
  51  8:06  Bunker  
  51  8:07  SCV  
  51  8:08  SCV  
  51  8:09  Marine  
  51  8:11  Marine  
  55  8:19  Marauder, SCV  
  58  8:20  SCV  
  59  8:27  Marine  
  59  8:30  Armory  
  59  8:31  Barracks Reactor, SCV  
  59  8:33  SCV  
  62  8:40  Marine  
  63  8:43  SCV  
  63  8:45  SCV  
  63  8:46  Marauder  
  67  8:49  Supply Depot  
  68  8:55  SCV  
  68  8:57  SCV  
  68  8:58  Marauder  
  71  9:06  Marine  
  71  9:07  SCV  
  71  9:09  SCV  
  74  9:19  SCV  
  75  10:32  Terran Infantry Weapons Level 2, Viking  
  75  10:34  Supply Depot  
  77  10:37  Banshee  
  77  10:39  Engineering Bay  
  80  10:43  Siege Tank, Command Center  
  80  10:47  Terran Vehicle Weapons Level 1  
  80  10:49  Widow Mine  
  85  10:58  Supply Depot  
  85  11:02  Medivac  
  85  11:04  Terran Infantry Armor Level 2  
  87  11:08  Marine  
  75  11:14  Marine  
  69  11:19  Marine  
  69  11:20  Medivac  
  69  11:21  Supply Depot  
  69  11:25  Marine  
  66  11:31  Marine  
  66  11:32  Medivac  
  70  11:37  Marine  
  71  11:42  Marine  
  72  11:48  Marine  
  72  11:50  Raven  
  72  11:52  Supply Depot  
  72  11:54  Marine  
  75  11:57  SCV  
  75  11:58  SCV  
  75  11:59  Marine, SCV  
  80  12:01  Raven  
  80  12:06  Siege Tank  
  85  12:09  SCV  
  85  12:10  SCV  
  85  12:11  Refinery  
  85  12:12  Siege Tank, SCV  
  85  12:13  Missile Turret  
  91  12:16  Missile Turret  
  91  12:18  Marauder  
  91  12:20  Ghost Academy  
  91  12:21  SCV  
  94  12:23  SCV  
  94  12:24  SCV, Marauder  
  94  12:25  Fusion Core  
  94  12:26  Refinery  
  96  12:30  Marine  
  96  12:31  Armory  
  96  12:33  Raven, SCV  
  96  12:35  SCV  
  96  12:36  SCV  
  87  12:38  Widow Mine  
  87  12:41  Terran Vehicle And Ship Armor Level 1, Marine  
  84  12:44  Medivac  
  84  12:47  Marine  
  82  12:51  Hellion  
  79  13:00  Hellion, Marauder  
  73  13:06  Marauder  
  61  13:13  Marine, Hellion  
  61  13:14  Medivac  
  61  13:16  Medivac  
  61  13:17  SCV  
  61  13:18  SCV  
  63  13:21  Hellion, SCV  
  63  13:22  Marine  
  64  13:28  Marine  
  64  13:29  SCV  
  64  13:34  Marine  
  58  13:40  Marine  
  53  13:44  Hellion, Raven  
  56  13:49  Marine  
  56  13:55  Marine  
  53  13:57  Raven, SCV  
  53  14:00  Marine, SCV  
  53  14:02  Command Center  
  56  14:04  Marine  
  56  14:08  Marine  
  52  14:12  Marine  
  47  14:18  Marine  
  47  14:22  Marine  
  42  14:26  Marine  
  42  14:27  Viking  
  42  14:30  Marine  
  40  14:36  Marine  
  40  14:38  Hellion, SCV  
  41  14:41  Viking  
  41  14:43  SCV  
  42  14:47  Widow Mine  
Show
View Real Time Build Order
Export as new Build Order

Doll Zerg - Winner!

Build Orders: Pool First 

Get SALT Encoding   

  12  0:03  Drone  
  13  0:09  Extractor  
  13  0:11  Drone  
  13  0:17  Drone  
  14  0:26  Overlord  
  14  0:40  Extractor  
  14  0:42  Drone  
  14  0:45  Drone  
  14  0:48  Drone  
  16  0:58  Drone  
  17  1:09  Spawning Pool  
  16  1:11  Drone  
  17  1:19  Drone  
  18  1:30  Drone  
  19  1:41  Drone  
  20  1:57  Hatchery  
  20  1:59  Drone  
  20  2:11  Lair  
  20  2:17  Zergling x2  
  20  2:19  Zergling x2  
  22  2:28  Spine Crawler  
  21  2:31  Zergling x2  
  22  2:43  Overlord  
  22  2:53  Overlord  
  22  3:05  Roach Warren  
  21  3:11  Drone x2  
  23  3:31  Spire  
  23  3:32  Drone  
  23  3:34  Drone  
  23  3:38  Drone  
  25  3:46  Drone x2  
  27  3:50  Drone  
  28  4:01  Drone  
  28  4:02  Spine Crawler  
  28  4:11  Queen  
  30  4:21  Zergling x4  
  32  4:24  Zergling x2  
  32  4:27  Metabolic Boost  
  33  4:45  Mutalisk x3  
  33  4:49  Mutalisk  
  41  4:57  Mutalisk  
  43  5:02  Overlord  
  43  5:05  Overseer  
  43  5:11  Pneumatized Carapace  
  43  5:27  Mutalisk x3  
  49  5:33  Mutalisk  
  51  5:39  Overlord  
  51  5:50  Overseer  
  51  6:03  Hatchery  
  50  6:06  Drone  
  50  6:07  Drone  
  52  6:12  Overlord  
  52  6:21  Glial Reconstitution  
  52  6:25  Drone x2  
  54  6:28  Drone  
  54  6:31  Drone  
  56  6:34  Drone  
  56  6:37  Drone  
  56  6:39  Drone  
  59  6:47  Mutalisk  
  59  6:50  Mutalisk  
  57  7:06  Overlord  
  55  7:10  Corruptor  
  55  7:12  Corruptor  
  59  7:20  Queen  
  61  7:29  Drone x3  
  64  7:37  Overlord  
  64  7:47  Spine Crawler  
  64  7:51  Overlord  
  63  7:57  Drone  
  63  7:58  Drone  
  65  7:59  Drone x4  
  65  8:00  Drone  
  70  8:07  Extractor  
  69  8:12  Extractor  
  69  8:14  Drone x2  
  69  8:15  Drone x2  
  69  8:17  Overlord  
  72  8:20  Overseer  
  72  8:23  Corruptor  
  72  8:25  Corruptor  
  76  8:40  Corruptor x3  
  82  8:44  Drone  
  82  8:45  Drone  
  82  8:46  Drone  
  85  8:55  Evolution Chamber  
  84  9:03  Overlord  
  84  9:08  Hatchery  
  83  9:16  Infestation Pit  
  82  9:21  Corruptor  
  82  9:22  Corruptor  
  82  9:23  Mutalisk  
  88  9:26  Mutalisk  
  90  9:35  Drone x3  
  90  9:36  Drone x2  
  95  9:39  Drone x2  
  95  9:44  Drone  
  95  9:45  Drone  
  99  9:50  Drone x4  
  103  9:54  Drone  
  104  10:11  Hydralisk Den  
  103  10:16  Mutalisk  
  103  10:17  Mutalisk x2  
  103  10:19  Mutalisk  
  111  10:30  Drone x3  
  111  10:31  Drone x4  
  111  10:32  Overlord  
  118  10:36  Overlord  
  118  10:39  Overlord  
  118  10:45  Hive  
  118  10:55  Drone  
  118  10:56  Drone x5  
  125  10:57  Drone x2  
  126  11:11  Hatchery  
  115  11:12  Mutalisk x4  
  121  11:31  Drone x4  
  121  11:32  Drone  
  126  11:34  Mutalisk x3  
  132  11:47  Hatchery  
  132  11:53  Extractor  
  130  11:56  Extractor  
  129  12:03  Greater Spire  
  109  14:36  Brood Lord x3  
  109  14:37  Brood Lord x4  
  109  14:38  Brood Lord  
Tags
 
Add a new tag
Caveats
  • Supply blocks, unpowered buildings, or Contaminate may cause inaccurate times.
  • Supply counts are checked every 10 seconds.